 Dungeon Crawl Stone Soup version 0.20.0-10-g0535bb4 (webtiles) character file.

1031 straycat the Sneak (level 8, -2/65 HPs)
             Began as a Vampire Wanderer on June 4, 2017.
             Was an Initiate of Yredelemnul.
             Slain by a bullfrog (8 damage)
             ... on level 6 of the Dungeon.
             The game lasted 00:35:11 (8495 turns).

straycat the Sneak (Vampire Wanderer)               Turns: 8495, Time: 00:35:12

Health: -2/65      AC:  0    Str: 10    XL:     8   Next: 3%
Magic:  8/8        EV: 27    Int: 15    God:    Yredelemnul [......]
Gold:   258        SH:  0    Dex: 21    Spells: 7/7 levels left

rFire    . . .     SeeInvis +   (weapon currently unavailable)
rCold    . . .     Gourm    .   (shield currently unavailable)
rNeg     + . .     Faith    .   (armour currently unavailable)
rPois    .         Spirit   .   (helmet currently unavailable)
rElec    .         Reflect  .   (cloak currently unavailable)
rCorr    .         Harm     .   (gloves currently unavailable)
MR       .....                  (boots currently unavailable)
Stlth    ++++++....             (no amulet)
Regen    0.2/turn               (ring currently unavailable)
MPRegen  0.2/turn               (ring currently unavailable)

@: bat-form, flying, very slightly contaminated, very quick
A: fangs 3, see invisible
a: End Transformation, Renounce Religion


You were on level 6 of the Dungeon.
You worshipped Yredelemnul.
Yredelemnul was noncommittal.
You were not thirsty.
You were in vampire-bat-form.
You visited 2 branches of the dungeon, and saw 8 of its levels.

You collected 258 gold pieces.

Inventory:

Hand Weapons
 a - a +2 spear (melded)
 d - a +0 dagger of draining
 o - a +0 dagger of speed
 r - a -3 long sword
 G - a +0 halberd
Missiles
 e - 3 tomahawks
 g - 119 stones (quivered)
 l - 15 sling bullets
 x - 37 arrows
 B - 62 bolts
 F - 12 poisoned needles
Armour
 c - a +0 robe
 n - a +1 leather armour
 t - a +0 ring mail
 w - a +0 chain mail
 z - a +2 scale mail (melded)
Jewellery
 p - a ring of protection from fire (melded)
Wands
 D - a wand of random effects (28/48)
 E - a wand of acid (6/15)
Scrolls
 i - a scroll of immolation
 j - a scroll of silence {unknown}
 q - 3 scrolls of remove curse
Potions
 b - 2 potions of lignification
 f - 4 potions of blood
 h - a potion of agility
 k - a potion of invisibility {unknown}
 m - 2 potions of might
 s - a potion of haste {unknown}
 u - a potion of ambrosia
 v - 2 potions of berserk rage {unknown}


   Skills:
 + Level 6.8 Fighting
 - Level 1.7 Polearms
 * Level 7.1 Dodging
 + Level 7.6 Stealth
   Level 1.0 Shields


You had 7 spell levels left.
You didn't know any spells.

Dungeon Overview and Level Annotations

Branches:
Dungeon (7/15)             Temple (1/1) D:5

Altars:
Ashenzari
Cheibriados
Dithmenos
Elyvilon
Fedhas
Gozag
Hepliaklqana
Kikubaaqudgha
Makhleb
Nemelex Xobeh
Okawaru
Qazlal
Ru
Sif Muna
Trog
Uskayaw
Vehumet
Xom
Yredelemnul
Zin

Annotations:
D:6 Pikel


Innate Abilities, Weirdness & Mutations

You have razor-sharp teeth.
You have supernaturally acute eyesight. (SInv)
((You can survive without breathing.))


Message History

Your +2 scale mail melds into your body.
Your ring of protection from fire melds into your body.
The slave completely misses you.
Found a scale mail.
A crimson imp comes into view.
A bullfrog comes into view.
The bullfrog gives a loud, deep croak!
You see here a long sword.
The ball python hisses angrily.
There is a stone staircase leading up here.
The bullfrog closely misses you.
You fly upwards.
Level annotation: Pikel
There is a stone staircase leading down here.
Things that are here:
a robe; a dagger
There is a stone staircase leading up here.
The bullfrog hits you!
You die...
Yredelemnul claims you as an undead slave.

..#.##..####.# #.......###.###.#
#.#.....# # #.......# #.###.#
........# ##. #.......###......
#.#.#...#.##.######.......÷......
.................................
.......##.##.........##.##.......
###....##........##..##.##.......
.................##..##>##......#
....#..#...##..#b###.##.##.......
##..#..#...##..#F###.##.##.......
#[.##.....##..#........##.......
##..##.#.............##.# .....
..÷†...............#+##+# #....
#...##.###.###.#.#... #....
#......###.# #.#.#.... #....
##..##.#...# #.#.##..... .....
#.....+...# #.#.# ..... #####


You could see a bullfrog.

Vanquished Creatures
  A sky beast (D:6)
  A bullfrog zombie (D:5)
  6 orc priests
  3 hounds
  10 orc wizards
  An iguana (D:5)
  2 worker ants (D:6)
  A hound skeleton (D:5)
  A worker ant zombie (D:5)
  3 gnolls (D:5)
  9 adders
  A shadow imp (D:5)
  2 oozes
  An adder skeleton (D:4)
  4 worms
  A dart slug (D:1)
  6 leopard geckos
  26 orcs
  3 giant cockroaches
  9 goblins
  9 hobgoblins
  5 jackals
  3 quokkas
  5 bats
  4 frilled lizards
  A jackal skeleton (D:4)
  10 kobolds
  6 rats
134 creatures vanquished.

Notes
Turn   | Place    | Note
-------+----------+-------------------------------------------
     0 | D:1      | straycat the Vampire Wanderer began the quest for the Orb.
     0 | D:1      | straycat set off with: a +2 spear, 2 potions of lignification, a +0 robe, a potion of blood
     0 | D:1      | Reached XP level 1. HP: 21/21 MP: 1/1
   418 | D:1      | Reached skill level 1 in Dodging
   422 | D:1      | Reached XP level 2. HP: 17/27 MP: 2/2
   899 | D:2      | Reached XP level 3. HP: 17/33 MP: 3/3
  1585 | D:3      | Reached XP level 4. HP: 22/40 MP: 4/4
  1977 | D:3      | Reached XP level 5. HP: 21/46 MP: 5/5
  2676 | D:3      | Reached skill level 5 in Stealth
  2712 | D:3      | Reached XP level 6. HP: 26/52 MP: 6/6
  3441 | D:4      | Found a burning altar of Makhleb.
  3757 | D:5      | Entered Level 5 of the Dungeon
  4058 | D:5      | Found an opulent altar of Gozag.
  4224 | D:5      | Reached skill level 5 in Dodging
  4358 | D:5      | Found a burning altar of Makhleb.
  4423 | D:5      | Found a staircase to the Ecumenical Temple.
  4446 | Temple   | Entered the Ecumenical Temple
  4574 | Temple   | Became a worshipper of Yredelemnul the Dark
  4686 | D:5      | Reached XP level 7. HP: 20/59 MP: 7/7
  4697 | D:5      | HP: 1/59 [orc priest/nerve-wracking pain (3)]
  5236 | D:5      | Found a bloodstained altar of Trog.
  5237 | D:5      | Found a blossoming altar of Fedhas.
  8258 | D:6      | Reached XP level 8. HP: 39/65 MP: 8/8
  8433 | D:6      | Noticed Pikel
  8462 | D:6      | HP: 2/65 [slave[Pikel] (4)]
  8495 | D:6      | Slain by a bullfrog

Skill      XL: |  1  2  3  4  5  6  7 |
---------------+----------------------+-----
Stealth        | 2 3 4 5 6 7 |  7.6
Dodging        | 1 2 3 4 5 7 |  7.1
Fighting       | 6 |  6.8
Polearms       | |  1.7
Shields        | |  1.0

Action                   |  1- 3 |  4- 6 |  7- 9 || total
-------------------------+-------+-------+-------++-------
Melee: Spear             |   139 |   312 |   159 ||   610
       Bite              |     9 |    32 |    28 ||    69
       Dagger            |       |       |    58 ||    58
       Halberd           |       |       |    43 ||    43
Throw: Stone             |       |     1 |     1 ||     2
 Abil: Bat Form          |       |       |     2 ||     2
       End Transformatio |       |       |     1 ||     1
  Use: Scroll            |       |     9 |     7 ||    16
       Potion            |       |     8 |    13 ||    21
 Stab: Sleeping          |     3 |     8 |       ||    11
       Distracted        |       |     2 |       ||     2
  Eat: Corpse            |       |     1 |     1 ||     2
Armor: Robe              |     9 |       |       ||     9
       Leather armour    |    20 |    61 |     6 ||    87
       Scale mail        |       |       |    51 ||    51
Dodge: Dodged            |    90 |   184 |   144 ||   418
